 Dungeon Crawl Stone Soup version 0.30-a0-141-g30f27751c5 (webtiles) character file.

Game seed: 13961559004064731824

49 qw the Chopper (level 3, -5/23 HPs)
             Began as a Gargoyle Fighter on Sept 24, 2022.
             Slain by a goblin
             ... wielding a +0 club
             ... led by Robin
              (6 damage)
             ... on level 2 of the Dungeon.
             The game lasted 00:00:33 (1405 turns).

qw the Chopper (Gargoyle Fighter)                   Turns: 1405, Time: 00:00:34

Health: -5/23      AC: 10    Str: 21    XL:     3   Next: 75%
Magic:  3/3        EV:  9    Int:  8    God:
Gold:   34         SH:  6    Dex:  9    Spells: 2/2 levels left

rFire   . . .      SeeInvis .    Y - +1 war axe
rCold   . . .      Faith    .    i - +2 buckler
rNeg    + . .      Spirit   .    b - +0 scale mail
rPois   inf        Reflect  .    (no helmet)
rElec   +          Harm     .    (no cloak)
rCorr   .          Rampage  .    (no gloves)
Will    .....                    (no boots)
Stlth   ..........               (no amulet)
HPRegen 0.07/turn                (no ring)
MPRegen 0.08/turn                (no ring)

@: no status effects
A: sickness immunity, AC +3, negative energy resistance 1, electricity
resistance, torment resistance 1, petrification resistance
a: no special abilities


You were on level 2 of the Dungeon.
You visited 1 branch of the dungeon, and saw 2 of its levels.

You collected 34 gold pieces.


Innate Abilities, Weirdness & Mutations

You are immune to sickness and miasma.
Your stone body is resilient. (AC +3)
You are immune to poison.
You resist negative energy. (rN+)
You are resistant to electric shocks. (rElec)
You are resistant to unholy torment.
You are immune to petrification.


   Skills:
 - Level 3.2 Fighting
 + Level 3.6 Axes
 - Level 3.2 Armour
 - Level 3.2 Shields


You had 2 spell levels left.
You didn't know any spells.
Your spell library was empty.

Inventory:

Hand Weapons
 a - a +0 whip
 Y - a +1 war axe (weapon)
Armour
 b - a +0 scale mail (worn)
 i - a +2 buckler (worn)
Potions
 d - a potion of might
 e - a potion of mutation {unknown}
 j - a potion of brilliance {unknown}

Dungeon Overview and Level Annotations

Branches:
Dungeon (2/15)

Altars:


Message History

You block the goblin's attack. The goblin hits you with a +0 club.
The goblin hits you but does no damage.
You barely miss the goblin.
The goblin is moderately wounded.
You hit Robin. You slash the goblin!
You kill the goblin!
You closely miss the goblin. You block the goblin's attack.
The goblin hits you but does no damage. Robin throws the goblin at you!
You barely miss the goblin.
The goblin is moderately wounded.
You barely miss the goblin. You slash the goblin!
You kill the goblin!
You hit Robin. The goblin hits you but does no damage.
The goblin closely misses you. You block Robin's attack.
The goblin hits you but does no damage. The goblin hits you with a +0 dagger.
Robin hits you with a +0 falchion.
You slash Robin!
Robin is almost dead.
You hit the goblin.
You kill the goblin!
You miss the goblin. You closely miss the goblin.
Robin throws the goblin at you! The goblin hits you but does no damage.
You block the goblin's attack.
You barely miss Robin.
Robin is almost dead.
You hit the goblin but do no damage. You closely miss the goblin.
The goblin hits you but does no damage. x2; Robin hits you with a +0 falchion.
You block Robin's attack. The goblin completely misses you.
The goblin barely misses you.
You barely miss Robin.
Robin is almost dead.
You barely miss the goblin. You hit the goblin but do no damage.
The goblin hits you with a +0 dagger. The goblin hits you but does no damage.
Robin hits you but does no damage.
You slash Robin!
You kill Robin!
You completely miss the goblin. You hit the goblin but do no damage.
The goblin hits you with a +0 club.
You die...

## #####.
....#.###
##.....#
#.....%#
##.#.g)g#
#.....@##
.!..#..))..#
##.#?....#...#
........ ..#
...........
...
.......##...
.. .......
.... . .......
###..


You could see 2 goblins.

Vanquished Creatures
  Robin (D:2)
  3 ball pythons (D:1)
  5 bats (D:1)
  5 endoplasms (D:1)
  A giant cockroach (D:1)
  10 goblins
  2 hobgoblins
  A quokka (D:1)
  3 frilled lizards (D:1)
  6 kobolds (D:1)
  6 rats (D:1)
43 creatures vanquished.

Notes
Turn   | Place    | Note
-------+----------+-------------------------------------------
     0 | D:1      | qw the Gargoyle Fighter began the quest for the Orb.
     0 | D:1      | Reached XP level 1. HP: 14/14 MP: 1/1
     0 | D:1      | 0 ||| qw: Version: 0.1.0-9-gbc19398
     0 | D:1      | 0 ||| qw: Game counter: 71
     0 | D:1      | 0 ||| qw: Always use a shield: true
     0 | D:1      | 0 ||| qw: God list: Okawaru
     0 | D:1      | 0 ||| qw: Allow faded altars: false
     0 | D:1      | 0 ||| qw: Do Orc after D:15 true
     0 | D:1      | 0 ||| qw: Do second Lair branch before Depths: true
     0 | D:1      | 0 ||| qw: Lair rune preference: random
     0 | D:1      | 0 ||| qw: Plans: Normal, Zot:1-4, God:TSO, Crypt, Tomb,
                  | Pan, Slime:5, Hells, Abyss, Orb
     0 | D:1      | 0 ||| PLANNING D:1-11
   239 | D:1      | Reached XP level 2. HP: 19/19 MP: 2/2
   523 | D:1      | 523 ||| Stepping ~*~*~tactically~*~*~ (stealth).
   524 | D:1      | 524 ||| Stepping ~*~*~tactically~*~*~ (stealth).
   577 | D:1      | Reached skill level 3 in Axes
   636 | D:1      | Reached XP level 3. HP: 23/23 MP: 3/3
  1094 | D:1      | 1094 ||| DROPPING orb of energy.
  1095 | D:1      | 1095 ||| UPGRADING to +2 buckler.
  1105 | D:1      | 1105 ||| DROPPING +0 buckler.
  1106 | D:1      | 1106 ||| READING scroll labelled FOSIKU HEOMEGO.
  1107 | D:1      | 1107 ||| READING scroll labelled GYAXOIFF TAETH.
  1120 | D:2      | 1120 ||| STAIRDANCE
  1152 | D:1      | 1152 ||| DROPPING +0 club.
  1160 | D:2      | 1160 ||| STAIRDANCE
  1165 | D:2      | 1165 ||| STAIRDANCE
  1336 | D:2      | 1336 ||| STAIRDANCE
  1390 | D:2      | Noticed Robin
  1391 | D:2      | 1391 ||| Stepping ~*~*~tactically~*~*~ (hiding).
  1404 | D:2      | HP: 1/23 [goblin/+0 dagger[Robin] (5)]
  1405 | D:2      | Killed Robin
  1405 | D:2      | Slain by a goblin

Levels and vault maps discovered:
D:1:      dpeg_arrival_connections, layout_loops_ring, chequers_decorated_corner
D:2:      minmay_thinvault, layout_basic, serial_shops, shop, serial_glass,
          glass_columns_a, glass_columns_b, glass_columns_b, glass_columns_b,
          hex_tiny, uniq_terence, uniq_robin

Skill      XL: |  1  2 |
---------------+-------+-----
Axes           | 2 3 |  3.6
Fighting       | |  3.2
Armour         | |  3.2
Shields        | |  3.2

Action                   || total
-------------------------++-------
Melee: War axe           ||   124
  Use: Scroll            ||     2
Armor: Scale mail        ||    77
Dodge: Dodged            ||    47
Block: Buckler           ||    23

Table legend:
 A = Non-vault XP
 B = Vault XP
 C = Vault XP percentage of total XP
 D = Non-vault monster count
 E = Vault monster count
 F = Vault count percentage of total count
                 A         B        C        D         E       F
            +---------+---------+-------+---------+---------+-------
      Total |      53 |      32 |  37.6 |      33 |      10 |  23.3
            +---------+---------+-------+---------+---------+-------
        D:1 |      53 |       5 |   8.6 |      33 |       3 |   8.3
        D:2 |       0 |      27 | 100.0 |       0 |       7 | 100.0
            +---------+---------+-------+---------+---------+-------
